AoeStats
← AOKI_GworK

Four Lakes

508189924Analyzed
1v1 RM · 11d ago on Sep 21, 2026· 44m 4s· 2 players
Game mode
Random Map
Map size
Tiny (2 player)
Population
200
Speed
Normal
Resources
Standard
Victory
Conquest
Starting age
Dark Age
Ending age
Imperial Age
RankedLock teamsTeams togetherTeam positionsShared explorationLock speedFull tech treeHidden civsTurbo modeCheats
Victory
Defeat
🇫🇷 Mongols · France
1867
+13
🇦🇺 Vietnamese · Australia
1801
-13
ClockWork
7:41 Loom
10:10 Feudal Age
10:39 Double-Bit Axe
13:50 Fletching
22:53 Fishing Lines
25:55 Castle Age
25:00 Padded Archer Armor
24:42 Horse Collar
24:53 Gold Mining
25:49 Fishing Lines
25:58 Crossbowman
26:35 Bodkin Arrow
26:51 Forging
26:55 Bow Saw
27:25 Gillnets
28:51 Leather Archer Armor
31:39 Ballistics
33:49 Wheelbarrow
33:16 Heavy Plow
35:16 Thumb Ring
39:46 Imperial Age
38:53 Medium Warships
40:53 Bracer
42:07 Chemistry
42:31 Hand Cart
43:06 Ring Archer Armor
43:05 Town Watch
43:45 Arbalester
AOKI_GworK
8:42 Feudal Age
8:53 Man-at-Arms
12:52 Fletching
15:41 Padded Archer Armor
20:54 Loom
23:36 Castle Age
22:33 Scale Barding Armor
22:48 Double-Bit Axe
23:46 Forging
24:06 Bloodlines
25:45 Bow Saw
26:37 Chain Barding Armor
28:37 Wheelbarrow
29:47 Light Cavalry
32:49 Hand Cart
32:19 Town Watch
32:20 Horse Collar
34:06 Stone Mining
35:16 Husbandry
41:48 Imperial Age
40:26 Stone Shaft Mining
39:42 Gold Mining
40:02 Bodkin Arrow
41:53 Iron Casting
43:35 Blast Furnace
42:36 Bracer
44:09 Gold Shaft Mining
43:27 Capped Ram
44:36 Ballistics
Connection lost

Rejoining the realm…

Still unreachable

The connection could not be restored.

Session expired

The server has moved on; the page needs a fresh start.